[ AOE2 MATCH · #506291190 ]
UnrankedTurks vs Malians
Player's team · LOSS
Rival team · WIN
[ REPLAY ANALYSIS · EXTRACTED FROM THE RECORDED GAME ]
Feudal
9:28
Castle
14:46
Imperial
34:43
| APM avg | 39.9 |
| APM peak | 73 |
| eAPM avg | 24.7 |
| Villagers / military | 160 / 333 |
Focus
⚔️ 36.1% · 🌾 63.9%
Hand Cannoneer ×129 · Scout Cavalry ×107 · Janissary ×34 · Cavalry Archer ×29 · Bombard Cannon ×26 · Monk ×8
Feudal
10:31
Castle
14:01
Imperial
35:00
| APM avg | 46.3 |
| APM peak | 81 |
| eAPM avg | 26.6 |
| Villagers / military | 188 / 579 |
Focus
⚔️ 46.8% · 🌾 53.2%
Gbeto ×387 · Scout Cavalry ×172 · Battering Ram ×13 · Trebuchet (Packed) ×3 · Monk ×2 · Petard ×2
Match map
Initial resources + every placement click. Lines = walls · curves = elevation contours. ◆ gold · ⬟ stone · ● berries · ✦ relic · ◌ wall gap
Your base· ✓ Closed at 14:46 · 0t walls · 3 gate(s)
Athena's base· ✓ Closed at 14:01 · 0t walls · 2 gate(s)
Smoothed initial terrain · ◌ = detected wall gap · hover for details
Inputs per minute
— HellionBlue - - Athena
Build order — HellionBlue
First 150 of 466 actions detected
| 0:00 | Queue | Villager (Male) |
| 0:01 | Queue | Villager (Male) |
| 0:01 | Queue | Villager (Male) |
| 0:02 | Build | House |
| 0:03 | Build | House |
| 0:04 | Queue | Villager (Male) |
| 1:33 | Queue | Villager (Male) |
| 2:00 | Queue | Villager (Male) |
| 2:08 | Build | Lumber Camp |
| 2:30 | Queue | Villager (Male) |
| 2:30 | Queue | Villager (Male) |
| 3:08 | Queue | Villager (Male) |
| 3:08 | Queue | Villager (Male) |
| 3:14 | Build | House |
| 3:15 | Build | House |
| 4:03 | Queue | Villager (Male) |
| 4:04 | Queue | Villager (Male) |
| 4:49 | Queue | Villager (Male) |
| 5:05 | Build | Mill |
| 5:20 | Queue | Villager (Male) |
| 5:20 | Queue | Villager (Male) |
| 6:01 | Queue | Villager (Male) |
| 6:16 | Queue | Villager (Male) |
| 6:59 | Build | Barracks |
| 7:18 | Research | Feudal Age |
| 7:44 | Build | Mining Camp |
| 7:46 | Research | Loom |
| 7:47 | Queue | Villager (Male) |
| 7:50 | Build | House |
| 7:52 | Build | House |
| 7:55 | Queue | Villager (Male) |
| 9:28 | Age | Feudal Age |
| 9:38 | Build | Stable |
| 9:53 | Queue | Villager (Male) |
| 10:28 | Build | Blacksmith |
| 10:33 | Queue | Villager (Male) |
| 10:56 | Build | Farm |
| 11:21 | Build | Farm |
| 11:31 | Queue | Villager (Male) |
| 12:06 | Research | Castle Age |
| 12:13 | Build | Farm |
| 12:15 | Build | Farm |
| 12:42 | Queue | Scout Cavalry |
| 13:05 | Build | Farm |
| 13:05 | Build | Farm |
| 13:06 | Build | Farm |
| 13:07 | Build | Farm |
| 13:33 | Queue | Villager (Male) |
| 13:35 | Build | Farm |
| 13:44 | Queue | Villager (Male) |
| 13:49 | Research | Double-Bit Axe |
| 14:00 | Queue | Scout Cavalry |
| 14:46 | Age | Castle Age |
| 15:00 | Queue | Villager (Male) |
| 15:03 | Queue | Villager (Male) |
| 15:03 | Queue | Villager (Male) |
| 15:13 | Build | Monastery |
| 15:21 | Queue | Villager (Male) |
| 15:21 | Queue | Villager (Male) |
| 15:37 | Research | Bow Saw |
| 16:01 | Build | Mining Camp |
| 16:06 | Queue | Monk |
| 16:07 | Queue | Scout Cavalry |
| 16:21 | Queue | Villager (Male) |
| 16:28 | Queue | Monk |
| 16:36 | Build | House |
| 16:37 | Build | House |
| 16:47 | Build | House |
| 16:48 | Build | House |
| 17:04 | Research | Stone Mining |
| 17:36 | Build | Archery Range |
| 17:44 | Build | Palisade Wall |
| 17:45 | Build | Palisade Wall |
| 17:46 | Build | Palisade Wall |
| 17:48 | Queue | Villager (Male) |
| 17:58 | Build | Lumber Camp |
| 18:02 | Queue | Villager (Male) |
| 18:07 | Queue | Monk ×2 |
| 18:13 | Research | Gold Mining |
| 18:27 | Queue | Villager (Male) |
| 18:30 | Build | Farm |
| 18:50 | Build | Farm |
| 18:56 | Queue | Monk |
| 19:01 | Queue | Cavalry Archer |
| 19:01 | Queue | Cavalry Archer |
| 19:02 | Research | Fletching |
| 19:22 | Build | Palisade Gate |
| 19:28 | Research | Padded Archer Armor |
| 19:30 | Queue | Cavalry Archer |
| 19:30 | Queue | Cavalry Archer |
| 19:48 | Queue | Cavalry Archer |
| 20:40 | Queue | Villager (Male) ×4 |
| 20:47 | Build | Castle |
| 21:05 | Build | Stone Wall |
| 21:17 | Queue | Monk |
| 21:37 | Queue | Villager (Male) |
| 21:41 | Research | Wheelbarrow |
| 21:41 | Queue | Villager (Male) |
| 22:00 | Build | Town Center |
| 22:36 | Queue | Villager (Male) |
| 22:37 | Queue | Villager (Male) |
| 22:37 | Queue | Villager (Male) |
| 22:37 | Queue | Villager (Male) |
| 22:52 | Queue | Janissary |
| 22:55 | Queue | Cavalry Archer |
| 23:06 | Build | Farm |
| 23:06 | Build | Farm |
| 23:09 | Queue | Villager (Male) ×2 |
| 23:30 | Queue | Janissary |
| 23:58 | Queue | Janissary |
| 24:05 | Queue | Janissary |
| 24:17 | Queue | Villager (Male) |
| 24:17 | Queue | Villager (Male) |
| 24:18 | Queue | Villager (Male) |
| 24:19 | Queue | Villager (Male) |
| 24:21 | Build | Farm |
| 24:21 | Build | Farm |
| 24:22 | Build | Farm |
| 24:22 | Build | Farm |
| 24:22 | Build | Farm |
| 24:22 | Build | Farm |
| 24:23 | Build | Farm |
| 24:27 | Queue | Janissary |
| 24:40 | Queue | Janissary |
| 24:48 | Queue | Janissary |
| 25:16 | Queue | Monk |
| 25:20 | Queue | Janissary |
| 25:26 | Queue | Villager (Male) |
| 25:27 | Queue | Villager (Male) |
| 25:27 | Queue | Villager (Male) |
| 25:31 | Build | Farm |
| 25:32 | Build | Farm |
| 25:32 | Build | Farm |
| 25:32 | Build | Farm |
| 25:32 | Build | Farm |
| 25:33 | Build | Farm |
| 26:00 | Queue | Janissary ×3 |
| 26:08 | Build | Mill |
| 26:09 | Build | Farm |
| 26:09 | Build | Farm |
| 26:09 | Build | Farm |
| 26:09 | Build | Farm |
| 26:10 | Build | Farm |
| 26:12 | Queue | Villager (Male) ×2 |
| 26:21 | Research | Horse Collar |
| 26:42 | Queue | Janissary ×2 |
| 27:03 | Queue | Janissary |
| 27:05 | Queue | Janissary ×2 |
| 27:15 | Research | Town Watch |
| 27:16 | Queue | Villager (Male) |
Build order — Athena
First 150 of 826 actions detected
| 0:01 | Queue | Villager (Male) |
| 0:02 | Queue | Villager (Male) |
| 0:02 | Queue | Villager (Male) |
| 0:02 | Queue | Villager (Male) |
| 0:04 | Build | House |
| 0:06 | Build | House |
| 1:27 | Queue | Villager (Male) |
| 1:51 | Build | Lumber Camp |
| 1:58 | Queue | Villager (Male) |
| 2:21 | Queue | Villager (Male) |
| 2:49 | Queue | Villager (Male) |
| 2:50 | Queue | Villager (Male) |
| 3:25 | Build | House |
| 3:26 | Build | House |
| 3:34 | Queue | Villager (Male) |
| 3:34 | Queue | Villager (Male) |
| 3:34 | Queue | Villager (Male) |
| 4:09 | Queue | Villager (Male) |
| 4:50 | Queue | Villager (Male) |
| 5:05 | Build | Mill |
| 5:20 | Queue | Villager (Male) |
| 5:27 | Queue | Villager (Male) |
| 5:46 | Queue | Villager (Male) |
| 5:55 | Build | Lumber Camp |
| 5:57 | Queue | Villager (Male) |
| 6:00 | Queue | Villager (Male) |
| 6:43 | Build | Farm |
| 7:33 | Queue | Villager (Male) |
| 7:37 | Build | Mining Camp |
| 8:15 | Build | Mining Camp |
| 8:18 | Research | Feudal Age |
| 8:55 | Build | House |
| 9:05 | Queue | Villager (Male) |
| 9:05 | Queue | Villager (Male) |
| 10:31 | Age | Feudal Age |
| 10:34 | Build | Market |
| 10:36 | Build | Blacksmith |
| 11:21 | Research | Castle Age |
| 11:39 | Research | Horse Collar |
| 12:08 | Research | Double-Bit Axe |
| 12:30 | Queue | Villager (Male) |
| 12:31 | Queue | Villager (Male) |
| 12:53 | Build | Farm |
| 14:01 | Age | Castle Age |
| 14:05 | Build | Castle |
| 14:33 | Build | Farm |
| 14:39 | Queue | Villager (Male) |
| 15:12 | Queue | Villager (Male) |
| 15:20 | Queue | Gbeto |
| 15:20 | Queue | Gbeto |
| 15:24 | Build | Farm |
| 15:31 | Build | Farm |
| 15:33 | Build | Farm |
| 15:33 | Queue | Gbeto |
| 15:47 | Build | Farm |
| 15:49 | Build | Farm |
| 15:54 | Build | Farm |
| 15:56 | Build | Farm |
| 15:57 | Queue | Villager (Male) |
| 16:00 | Build | Farm |
| 16:03 | Build | Farm |
| 16:07 | Queue | Villager (Male) |
| 16:13 | Queue | Gbeto |
| 16:15 | Queue | Villager (Male) |
| 16:30 | Build | Farm |
| 16:31 | Queue | Villager (Male) |
| 16:33 | Queue | Petard |
| 16:53 | Queue | Gbeto |
| 16:58 | Build | Farm |
| 16:58 | Queue | Villager (Male) |
| 17:14 | Queue | Gbeto |
| 17:19 | Queue | Petard |
| 17:22 | Queue | Villager (Male) |
| 17:30 | Queue | Gbeto |
| 17:34 | Build | Farm |
| 17:54 | Queue | Gbeto |
| 17:55 | Queue | Villager (Male) |
| 17:59 | Build | Farm |
| 17:59 | Queue | Villager (Male) |
| 18:14 | Queue | Gbeto |
| 18:16 | Build | Farm |
| 18:18 | Queue | Villager (Male) |
| 18:22 | Build | Barracks |
| 18:27 | Build | House |
| 18:31 | Build | House |
| 18:39 | Queue | Gbeto |
| 18:47 | Queue | Gbeto |
| 18:54 | Queue | Villager (Male) |
| 18:55 | Queue | Gbeto |
| 19:02 | Queue | Gbeto |
| 19:14 | Queue | Gbeto |
| 19:29 | Queue | Gbeto |
| 19:32 | Queue | Villager (Male) |
| 19:37 | Research | Arson |
| 19:39 | Queue | Gbeto |
| 20:10 | Queue | Gbeto |
| 20:12 | Queue | Gbeto |
| 20:13 | Queue | Gbeto |
| 20:18 | Queue | Gbeto |
| 20:48 | Queue | Gbeto |
| 20:49 | Queue | Gbeto |
| 20:50 | Queue | Villager (Male) |
| 20:51 | Queue | Villager (Male) |
| 20:59 | Queue | Gbeto |
| 21:03 | Research | Squires |
| 21:38 | Queue | Gbeto |
| 21:39 | Queue | Gbeto |
| 21:50 | Queue | Villager (Male) |
| 21:56 | Build | Siege Workshop |
| 22:02 | Research | Scale Mail Armor |
| 22:02 | Queue | Villager (Male) |
| 22:05 | Build | House |
| 22:10 | Build | Monastery |
| 22:12 | Queue | Villager (Male) |
| 22:20 | Research | Gold Mining |
| 22:25 | Queue | Gbeto |
| 22:33 | Build | House |
| 22:38 | Queue | Gbeto |
| 22:42 | Research | Loom |
| 22:59 | Queue | Gbeto |
| 23:00 | Queue | Villager (Male) |
| 23:08 | Queue | Gbeto |
| 23:09 | Queue | Monk |
| 23:15 | Build | House |
| 23:15 | Queue | Villager (Male) |
| 23:17 | Build | House |
| 23:22 | Queue | Gbeto |
| 23:32 | Queue | Gbeto |
| 23:40 | Queue | Villager (Male) |
| 24:00 | Research | Forging |
| 24:06 | Queue | Gbeto |
| 24:07 | Queue | Villager (Male) |
| 24:08 | Queue | Monk |
| 24:13 | Queue | Villager (Male) |
| 24:18 | Queue | Battering Ram |
| 24:18 | Queue | Battering Ram |
| 24:21 | Build | Mining Camp |
| 24:41 | Queue | Gbeto |
| 24:41 | Queue | Villager (Male) |
| 24:45 | Build | House |
| 24:46 | Queue | Villager (Male) |
| 24:50 | Queue | Battering Ram |
| 24:51 | Queue | Villager (Male) |
| 25:16 | Queue | Battering Ram |
| 25:21 | Queue | Villager (Male) |
| 25:25 | Research | Wheelbarrow |
| 25:34 | Queue | Battering Ram |
| 25:34 | Queue | Villager (Male) |
| 25:59 | Queue | Gbeto |
| 26:00 | Queue | Villager (Male) |
Match timeline
| 6:59 | HellionBlue · first_building Barracks |
| 9:28 | HellionBlue · age_up feudal |
| 9:38 | HellionBlue · first_building Stable |
| 10:31 | Athena · age_up feudal |
| 14:01 | Athena · age_up castle |
| 14:05 | Athena · first_building Castle |
| 14:46 | HellionBlue · age_up castle |
| 15:13 | HellionBlue · first_building Monastery |
| 16:12 | Athena · first_market_buy 100 food |
| 17:36 | HellionBlue · first_building Archery Range |
| 17:44 | HellionBlue · wall_segment Palisade Wall x1 |
| 17:45 | HellionBlue · wall_segment Palisade Wall x1 |
| 17:46 | HellionBlue · wall_segment Palisade Wall x1 |
| 18:22 | Athena · first_building Barracks |
| 20:47 | HellionBlue · first_building Castle |
| 21:05 | HellionBlue · wall_segment Stone Wall x4 |
| 21:56 | Athena · first_building Siege Workshop |
| 22:10 | Athena · first_building Monastery |
| 28:57 | HellionBlue · wall_segment Stone Wall x6 |
| 31:29 | Athena · first_market_sell 100 wood |
| 32:01 | HellionBlue · first_building Siege Workshop |
| 33:17 | HellionBlue · wall_segment Stone Wall x4 |
| 33:25 | HellionBlue · wall_segment Stone Wall x5 |
| 33:45 | HellionBlue · wall_segment Stone Wall x2 |
| 34:43 | HellionBlue · age_up imperial |
| 35:00 | Athena · age_up imperial |
| 35:08 | HellionBlue · first_market_sell 100 food |
| 35:09 | HellionBlue · first_market_buy 100 wood |
| 36:59 | HellionBlue · wall_segment Stone Wall x3 |
| 37:16 | HellionBlue · wall_segment Stone Wall x5 |
| 38:33 | HellionBlue · wall_segment Stone Wall x7 |
| 38:35 | HellionBlue · wall_segment Stone Wall x1 |
| 58:01 | Athena · first_building Stable |
| 64:58 | HellionBlue · resign |
[ AI ANALYSIS · 1 CREDIT ]
What really happened in this match?
Wolo.gg analyzes every decision: build order, eco, micro, common mistakes by bracket. Personalized analysis on WhatsApp or Discord in 30 seconds.
Civ guide
Turks
Perfil
Jugador #2698259